 Dungeon Crawl Stone Soup version 0.17.0-24-gcfadda4 (console) character file.

36 jw the Cutter (level 3, -2/26 HPs)
             Began as an Octopode Berserker on Nov 18, 2015.
             Was a Believer of Trog.
             Killed from afar by Sigmund (14 damage)
             ... with a puff of flame
             ... on level 2 of the Dungeon.
             The game lasted 00:03:50 (1627 turns).

jw the Cutter (Octopode Berserker)                  Turns: 1627, Time: 00:03:50

Health: -2/26      AC:  1    Str: 16    XL:     3   Next: 37%
Magic:  3/3        EV: 13    Int:  9    God:    Trog [**....]
Gold:   34         SH:  0    Dex: 12    Spells: 0 memorised, 2 levels left

rFire  . . .     SeeInvis .     a - +0 short sword
rCold  . . .     Clarity  .     (no shield)
rNeg   . . .     SustAt   .     (helmet restricted)
rPois  .         Gourm    .     (no amulet)
rElec  .         Spirit   .     (no ring)
rCorr  .         Warding  .     (no ring)
rMut   .         Stasis   .     (no ring)
MR     ++...                    (no ring)
Stlth  +++.......               (no ring)
                                (no ring)
                                (no ring)
                                (no ring)

@: exhausted, regenerating, slowed, very slow, very resistant to hostile
enchantments, fairly stealthy
A: almost no armour, amphibious, 8 rings, constrict 8, camouflage 1, gelatinous
body 1
a: Berserk, Trog's Hand, Burn Spellbooks, Renounce Religion


You were on level 2 of the Dungeon.
You worshipped Trog.
Trog was pleased with you.
You were very hungry.

You visited 1 branch of the dungeon, and saw 2 of its levels.

You collected 34 gold pieces.

Inventory:

Hand Weapons
 a - a +0 short sword (weapon)
Missiles
 c - 41 stones (quivered)
Scrolls
 d - a scroll of random uselessness {unknown}
 e - a scroll of identify {unknown}
Potions
 g - a potion of curing {unknown}
Comestibles
 b - a bread ration
 f - a meat ration


   Skills:
 + Level 3.2 Fighting
 * Level 3.2 Short Blades
 + Level 0.4 Throwing
 + Level 3.1 Dodging
 * Level 3.0 Stealth


You had 2 spell levels left.
You didn't know any spells.

Dungeon Overview and Level Annotations

Branches:
Dungeon (2/15)

Altars:
Nemelex Xobeh
Xom

Annotations:
D:2 Sigmund


Innate Abilities, Weirdness & Mutations

You cannot wear most types of armour.
You are amphibious.
You can wear up to eight rings at the same time.
You can use your tentacles to constrict eight enemies at once.
Your skin changes colour to match your surroundings (Stealth).
Your rubbery body absorbs attacks (AC +1).


Message History

Your Stealth skill increases to level 3!
You are no longer berserk.
You are exhausted.
You feel yourself slow down.
You are feeling very hungry.
You constrict something.
ATTACK MOVE TO (-1,1)
You release your grip on something.
You feel the effects of Trog's Hand fading.
You hear some strange, mumbled words.
A puff of flame appears from out of thin air!
The puff of flame hits you! Something hits you.
ATTACK MOVE TO (-1,1)
Something hits you.
ATTACK MOVE TO (-1,1)
You hear some strange, mumbled words.
A puff of flame appears from out of thin air!
The puff of flame hits you!
Ouch! That really hurt!
You die...

###............
#.......######.
#.#......#
.....#...##
#.####..# ## #.#
#..# .. #.####..#
#.###.###{..)...#
#......x..###...##
#####.######.....#
#% #.......# #.
#.........# #.
+.........+ #
#.....?(..#
##.......##
##.....## ##...##


There were no monsters in sight!

Table legend:
 A = Turns spent in this place as a percentage of turns spent in the entire game.
 B = Non-inter-level travel turns spent in this place as a percentage of non-inter-level travel turns spent in the entire game.
 C = Inter-level travel turns spent in this place as a percentage of turns spent in this place.
 D = Turns resting spent in this place as a percentage of non-inter-level travel turns spent in this place.
 E = Turns spent auto-exploring this place as a percentage of non-inter-level travel turns spent in this place.
 F = Non-inter-level travel turns spent in this place divided by the number of levels of this place that you've seen.
                   A       B       C       D       E      F
               +-------+-------+-------+-------+-------+----------------------
         Total | 100.0 | 100.0 |   0.6 |   0.9 |   2.9 | 970.5
       Dungeon | 100.0 | 100.0 |   0.6 |   0.9 |   2.9 | 970.5
               +-------+-------+-------+-------+-------+----------------------

Table legend:
 A = Kills in this place as a percentage of kills in entire the game.
 B = Kills by you in this place as a percentage of kills by you in the entire game.
 C = Kills by friends in this place as a percentage of kills by friends in the entire game.
 D = Other kills in this place as a percentage of other kills in the entire game.
 E = Experience gained in this place as a percentage of experience gained in the entire game.
 F = Experience gained in this place divided by the number of levels of this place that you have seen.
                   A       B       C       D       E      F
               +-------+-------+-------+-------+-------+----------------------
         Total | 100.0 | 100.0 |  -nan |  -nan | 100.0 |  26.0
       Dungeon | 100.0 | 100.0 |  -nan |  -nan | 100.0 |  26.0
               +-------+-------+-------+-------+-------+----------------------

Vanquished Creatures
  An ooze (D:2)
  A giant gecko (D:1)
  4 bats
  A giant cockroach (D:1)
  7 goblins
  8 hobgoblins (D:1)
  3 kobolds
  A giant newt (D:1)
  A rat (D:1)
27 creatures vanquished.

Notes
Turn   | Place    | Note
--------------------------------------------------------------
     0 | D:1      | jw the Octopode Berserker began the quest for the Orb.
     0 | D:1      | Reached XP level 1. HP: 16/16 MP: 1/1
   338 | D:1      | Reached skill level 1 in Stealth
   338 | D:1      | Reached XP level 2. HP: 18/21 MP: 2/2
   568 | D:1      | Found a shimmering altar of Xom.
  1296 | D:1      | Reached XP level 3. HP: 26/26 MP: 3/3
  1301 | D:1      | Reached ** piety under Trog
  1570 | D:2      | Found a sparkling altar of Nemelex Xobeh.
  1611 | D:2      | Noticed Sigmund
  1627 | D:2      | Killed from afar by Sigmund

Action                   || total
-------------------------++-------
Melee: Short sword       ||    63
Throw: Stone             ||    44
Invok: Berserk           ||     1
       Trog's Hand       ||     1
  Use: Scroll            ||     4
       Potion            ||     2
 Stab: Sleeping          ||     5
  Eat: Chunk             ||     2

Vault maps used:
D:1:      denvon_arrival_planthouse, xom_teletrap_fun
D:2:      lemuel_round_altar, nicolae_overflow_crystal_walls,
          kiku_gazebo_garden_becter, ecumenical_altar_1,
          nicolae_qazlal_style_of_elements, uniq_natasha, uniq_iyjb,
          uniq_jessica, uniq_sigmund, uniq_robin
